 Dungeon Crawl Stone Soup version 0.31-a0-636-ge1c0e020e0 (webtiles) character file.

Game seed: 9655323554043843451

39 NotreDorf the Magician (level 3, -3/26 HPs)
             Began as a Mummy Hedge Wizard on Aug 26, 2023.
             Slain by Terence
             ... wielding a +0 mace
              (8 damage)
             ... on level 2 of the Dungeon.
             The game lasted 00:06:00 (1315 turns).

NotreDorf the Magician (Mummy Hedge Wizard)         Turns: 1315, Time: 00:06:00

Health: -3/26      AC:  2    Str: 13    XL:     3   Next: 26%
Magic:  6/8        EV: 17    Int: 15    God:
Gold:   63         SH:  0    Dex: 11    Spells: 4/10 levels left

rFire   x . .        g - +0 mace
rCold   + . .        (no shield)
rNeg    + + +        b - +0 robe
rPois   ∞            c - +0 hat
rElec   .            (no cloak)
rCorr   .            (no gloves)
SInv    .            (no boots)
Will    .....        (no amulet)
Stlth   ++           d - +5 ring of evasion
HPRegen 0.24/turn    (no ring)
MPRegen 0.11/turn

%: faith
@: very slightly contaminated
A: cold resistance 1, negative energy resistance 3, torment resistance 2, heat
vulnerability 1, in touch with death 1, no potions, faith
a: no special abilities


You were on level 2 of the Dungeon.
You visited 1 branch of the dungeon, and saw 2 of its levels.

You collected 63 gold pieces.

Inventory:

Hand Weapons
 g - a +0 mace (weapon)
Armour
 b - a +0 robe (worn)
 c - a +0 hat (worn)
Jewellery
 d - a +5 ring of evasion (left hand)
Scrolls
 a - 2 scrolls of poison {unknown}
 e - 2 scrolls of identify {unknown}
 f - a scroll of teleportation {unknown}
 h - a scroll of fog {unknown}


   Skills:
 + Level 1.2 Fighting
 + Level 2.0 Dodging
 - Level 1.5 Stealth
 + Level 4.4 Spellcasting
 + Level 1.3 Conjurations
 - Level 0.7 Summonings
 - Level 0.7 Translocations
 + Level 0.0 Air Magic


You had 4 spell levels left.
You knew the following spells:

 Your Spells              Type           Power      Damage    Failure   Level
a - Magic Dart            Conj           28%        1d4       10%         1
b - Blink                 Tloc           10%        N/A       19%         2
c - Mephitic Cloud        Conj/Pois/Air  4%         N/A       41%         3

Your spell library contained the following spells:

 Spells                   Type           Power      Damage    Failure   Level
 Slow                     Hex            12%        N/A       17%         1
 Call Imp                 Summ           10%        N/A       19%         2
 Cigotuvi's Dreadful Rot  Necr/Pois/Air  10%        N/A       26%         2


Dungeon Overview and Level Annotations

Branches:
Dungeon (2/15)

Altars:

Annotations:
D:2 Terence


Innate Abilities, Weirdness & Mutations

You are immune to poison.
Your flesh is cold resistant. (rC+)
You are immune to negative energy. (rN+++)
You are immune to unholy pain and torment.
You are vulnerable to heat. (rF-)
You are in touch with the powers of death.
You do not drink.
You have a special connection with the divine. (Faith)


Message History

Terence completely misses you. The goblin hits you but does no damage.
You hit Terence but do no damage.
Terence is moderately wounded.
The goblin hits you with a +0 club.
You closely miss the goblin. The goblin closely misses you.
The goblin completely misses you.
You barely miss the goblin. The goblin hits you with a +0 club.
You hit the goblin.
The goblin is moderately wounded.
The goblin misses you.
You closely miss the goblin.
The goblin is moderately wounded.
The goblin hits you with a +0 club. x2
You closely miss the goblin.
The goblin is moderately wounded.
The goblin misses you.
Casting: Mephitic Cloud (extremely dangerous; 41% risk of failure)
Confirm with . or Enter, or press ? or * to list all spells.
Aiming: Magic Dart (safe; 10% risk of failure)
Press: ? - help, Shift-Dir - straight line, f/p - Terence
Aim: Terence, wielding a +0 mace and wearing a +0 scale mail (moderately wounded, confused, 100% to hit)
You miscast Magic Dart.
You are very lightly contaminated with residual magic.
Nothing appears to happen.
Terence seems less confused.
The goblin closely misses you.
You sock the goblin!
You kill the goblin!
Terence barely misses you.
You barely miss Terence.
Terence is moderately wounded.
Terence hits you with a +0 mace!
You hit Terence.
Terence is moderately wounded.
Terence closely misses you.
You closely miss Terence.
Terence is moderately wounded.
Terence hits you with a +0 mace!
* * * LOW HITPOINT WARNING * * *
Terence hits you with a +0 mace!
You die...

####### .# #.....#
###..#
#.###.#######!...#
#.# #.......@@..>+
#[# #########)...#
#.# ....# ###.#
....# #<..# ....#
##### ....# ....#
#####


You could see Terence.

Vanquished Creatures
  A dart slug (D:1)
  3 ball pythons (D:1)
  3 bats (D:1)
  2 endoplasms (D:1)
  2 goblins
  7 hobgoblins (D:1)
  4 jackals (D:1)
  A quokka (D:1)
  3 frilled lizards (D:1)
  3 kobolds (D:1)
  3 rats (D:1)
32 creatures vanquished.

Notes
Turn   | Place    | Note
-------+----------+-------------------------------------------
     0 | D:1      | NotreDorf the Mummy Hedge Wizard began the quest for the
                  | Orb.
     0 | D:1      | Reached XP level 1. HP: 13/13 MP: 5/5
   229 | D:1      | Reached skill level 1 in Conjurations
   252 | D:1      | Reached XP level 2. HP: 4/20 MP: 0/7
   260 | D:1      | HP: 1/20 [jackal (2)]
   603 | D:1      | Reached skill level 1 in Fighting
   808 | D:1      | Gained mutation: You are in touch with the powers of death.
                  | [Mummy growth]
   808 | D:1      | Reached XP level 3. HP: 26/26 MP: 3/8
  1266 | D:1      | Learned a level 2 spell: Blink
  1270 | D:1      | Learned a level 3 spell: Mephitic Cloud
  1299 | D:2      | Noticed Terence
  1315 | D:2      | Slain by Terence

Illustrated notes

Levels and vault maps discovered:
D:1:      beargit_arrival_greenhouse, layout_basic, st_stairs_13,
          grunt_decor_mini_mirrors
D:2:      layout_basic, uniq_terence

Skill      XL: |  1  2 |
---------------+-------+-----
Conjurations   | 1 |  1.3
Fighting       | 1 |  1.2
Dodging        | 2 |  2.0
Stealth        | |  1.5
Spellcasting   | |  4.4
Summonings     | |  0.7
Translocations | |  0.7

Action                     || total
---------------------------++-------
  Melee: Dagger            ||    23
         Mace              ||    18
   Cast: Magic Dart        ||    65
         Mephitic Cloud    ||     1
   Stab: Confused          ||     2
 Armour: Robe              ||     7
  Dodge: Dodged            ||    33

Table legend: (Time is in decaauts)
 A = Elapsed time spent in this place.
 B = Non-inter-level travel time spent in this place.
 C = Inter-level travel time spent in this place.
 D = Time resting spent in this place.
 E = Time spent auto-exploring this place.
 F = Levels seen in this place.
 G = Mean time per level.
                   A        B        C        D        E       F      G
               +--------+--------+--------+--------+--------+-----+--------+
         Total |   1320 |   1312 |      8 |     62 |   1059 |   2 |  660.0 |
       Dungeon |   1320 |   1312 |      8 |     62 |   1059 |   2 |  660.0 |
               +--------+--------+--------+--------+--------+-----+--------+

Top non-repeatable levels by time:
     D:1: 1279 daAuts
     D:2: 41 daAuts
